 Dungeon Crawl Stone Soup version 0.21.0-3-g78d12a8 (webtiles) character file.

2739 Firecrotchwizard the Basher (level 9, -4/132 HPs)
             Began as a Troll Berserker on Jan 9, 2018.
             Was an Elder of Trog.
             Killed by divine providence
             ... invoked by an orc priest
              (15 damage)
             ... on level 7 of the Dungeon.
             The game lasted 00:18:38 (8138 turns).

Firecrotchwizard the Basher (Troll Berserker)       Turns: 8138, Time: 00:18:39

Health: -4/132     AC:  5    Str: 36    XL:     9   Next: 40%
Magic:  8/8        EV: 12    Int:  3    God:    Trog [****..]
Gold:   279        SH:  3    Dex: 12    Spells: 8/8 levels left

rFire    . . .     SeeInvis .   k - +0 flail
rCold    . . .     Gourm    +   (no shield)
rNeg     . . .     Faith    .   b - +0 animal skin
rPois    .         Spirit   .   (helmet restricted)
rElec    .         Reflect  +   (no cloak)
rCorr    .         Harm     .   (gloves unavailable)
MR       .....                  (boots unavailable)
Stlth    ..........             e - +3 amulet of reflection
HPRegen  0.72/turn              h - ring of flight {+Fly, !d}
MPRegen  0.11/turn              f - +4 ring of strength

@: berserking (expiring), very quick
A: large, unfitting armour, claws 3, fast metabolism 3, gourmand, regeneration
1, shaggy fur 1, tough skin 2
a: Berserk, Trog's Hand, Brothers in Arms, Burn Spellbooks, Renounce Religion,
Evoke Flight


You were on level 7 of the Dungeon.
You worshipped Trog.
Trog was greatly pleased with you.
You were very full.

You visited 1 branch of the dungeon, and saw 7 of its levels.
You also visited: Sewer.

You collected 279 gold pieces.

Inventory:

Hand Weapons
 k - a +0 flail (weapon)
   (You took it off a gnoll on level 3 of the Dungeon)
 w - a +0 giant club
   (You took it off an ogre on level 4 of the Dungeon)
Missiles
 a - 5 curare-tipped needles
 t - 3 throwing nets {=f, !d}
 z - 7 tomahawks (quivered)
Armour
 b - a +0 animal skin (worn)
 j - a +2 shield
   (You found it on level 3 of the Dungeon)
Jewellery
 e - a +3 amulet of reflection (around neck)
   (You found it on level 1 of the Dungeon)
 f - a +4 ring of strength (right claw)
   (You found it on level 5 of the Dungeon)
 h - a ring of flight (left claw) {+Fly, !d}
   (You found it on level 1 of the Dungeon)
Scrolls
 i - 4 scrolls of blinking {!r}
 m - 7 scrolls of teleportation
 r - 2 scrolls of identify
 s - 8 scrolls of magic mapping {!r}
 x - a scroll of fog {unknown}
 y - a scroll of enchant armour {unknown}
 B - a scroll of enchant weapon {unknown}
Potions
 d - 4 potions of brilliance {unknown}
 g - a potion of flight {unknown}
 l - a potion of degeneration {unknown}
 n - 4 potions of magic {unknown}
 o - 3 potions of haste
 p - 4 potions of heal wounds
 q - a potion of mutation {unknown}
 u - 3 potions of agility {unknown}
Comestibles
 c - 13 rations {@e1}


   Skills:
 + Level 5.4 Fighting
 * Level 8.0 Maces & Flails
 + Level 4.6 Armour
 + Level 5.3 Dodging


You had 8 spell levels left.
You didn't know any spells.

Dungeon Overview and Level Annotations

Branches:
Dungeon (7/15)             Temple (0/1) D:5

Altars:
Ashenzari
Elyvilon
Hepliaklqana
Makhleb
Nemelex Xobeh
Ru
Vehumet
Wu Jian

Shops:
D:7 =


Innate Abilities, Weirdness & Mutations

You are too large for most types of armour.
You have claws for hands.
Your metabolism is lightning-fast.
You like to eat raw meat.
Your natural rate of healing is unusually fast.
You are covered in fur. (AC +1)
You have very tough skin. (AC +2)


Message History

The gnoll looks as sick as possible!
You hear a shout!
You kill the gnoll!
Trog accepts your kill.
Aim: a gnoll, wielding a spear You throw a javelin.
The javelin closely misses the gnoll.
The gnoll shouts!
A gnoll comes into view. It is wielding a whip.
Aim: a gnoll, wielding a spear You throw a javelin.
The gnoll shouts!
The javelin hits the gnoll!
You kill the gnoll!
Trog accepts your kill.
Aim: a gnoll, wielding a halberd You throw a javelin.
The orc priest shouts!
The javelin hits the gnoll but does no damage.
Aim: a gnoll, wielding a halberd You throw a tomahawk.
The tomahawk completely misses the gnoll.
The tomahawk closely misses the gnoll.
The gnoll barely misses you.
Aim: a gnoll, wielding a halberd You throw a tomahawk.
The tomahawk hits the gnoll but does no damage.
The gnoll closely misses you.
You closely miss the gnoll. You block the gnoll's attack.
You sock the gnoll! The gnoll hits you with a whip.
The gnoll hits you from afar with a halberd!
You take 16 damage, and have 72/88 hp.
You hit the gnoll but do no damage. The gnoll hits you but does no damage.
You sock the gnoll!
You kill the gnoll!
Trog accepts your kill.
The orc priest invokes the aid of Beogh against you.
Beogh smites you! The gnoll misses you. The orc warrior misses you.
You take 15 damage, and have 58/88 hp.
You are too injured to fight recklessly!
Unknown command.
A red film seems to cover your vision as you go berserk!
You feel yourself moving faster!
You feel mighty!
You feel quite a bit less full. You block the gnoll's attack.
The orc warrior barely misses you.
You now have 88/132 hp.
You feel a strong urge to attack something.
You block the gnoll's attack.
Things that are here:
a whip; a gnoll corpse You sock the gnoll!
You kill the gnoll!
Trog accepts your kill.
You closely miss the orc priest. The orc warrior closely misses you.
You closely miss the orc priest.
The orc priest calls down the wrath of Beogh upon you.
Beogh smites you!
The orc priest invokes the aid of Beogh against you.
Beogh smites you!
You take 29 damage, and have 61/132 hp.
MASSIVE DAMAGE!!
You hit the orc warrior.
The orc priest calls down the wrath of Beogh upon you.
Beogh smites you!
The orc warrior hits you with a glaive!!
* * * LOW HITPOINT WARNING * * *
You take 36 damage, and have 25/132 hp.
MASSIVE DAMAGE!!
You hit the orc warrior.
The orc priest hits you but does no damage.
You bludgeon the orc warrior!!
You kill the orc warrior!
Trog accepts your kill.
Your Maces & Flails skill increases to level 8!
The orc priest invokes the aid of Beogh against you.
Beogh smites you!
* * * LOW HITPOINT WARNING * * *
You take 9 damage, and have 16/132 hp.
The orc priest miscasts a cantrip.
The orc priest barely misses you.
Items here: ( ) ? [ † a glaive; 5 tomahawks; a chain mail; a scroll labeled CORIDUR GACW an orc corpse You hit the orc priest.
The orc priest hits you with a hand axe.
* * * LOW HITPOINT WARNING * * *
You take 5 damage, and have 12/132 hp.
You hit the orc priest. The orc priest hits you.
* * * LOW HITPOINT WARNING * * *
You take 1 damage, and have 11/132 hp.
You barely miss the orc priest.
The orc priest hits you with a hand axe.
* * * LOW HITPOINT WARNING * * *
You block the orc priest's attack.
You take 1 damage, and have 10/132 hp.
You sock the orc priest!
You kill the orc priest!
Trog accepts your kill.
You sock the orc priest!
The orc priest calls down the wrath of Beogh upon you.
Beogh smites you!
You die...

.# #... ..## .##
##..# #...# ).##
#...# #...# #).#
##..## #..# #..##
#..<####..#
##..###.[.......#
##..............##
#.......####.....###
.........#
###..@).###..
.#.......#
#..)o((..(.
###......#
##..####....
##......# #..## #.>
#......# #.## .
##......####
#....... #........


You could see an orc priest.

Vanquished Creatures
  A phantom (D:6)
  4 orc warriors
  2 ice beasts (D:6)
  A sky beast (D:6)
  A necrophage (D:7)
  2 ogres
  3 centaurs
  5 bullfrogs
  A scorpion (D:7)
  A crimson imp (D:6)
  The ghost of komi the Ruffian, a weakling VSMo of Cheibriados (D:4)
  2 hounds
  5 orc priests
  3 orc wizards
  An iguana (D:4)
  Natasha (thrice) (D:3)
  3 worker ants
  A worker ant zombie (D:7)
  16 gnolls
  12 adders
  5 river rats (Sewer)
  A shadow imp (D:7)
  2 oozes (Sewer)
  6 worms
  A dart slug (D:2)
  6 leopard geckos
  35 orcs
  6 giant cockroaches
  11 goblins
  17 hobgoblins
  7 jackals
  5 quokkas
  12 ball pythons
  7 bats
  6 frilled lizards
  A giant cockroach zombie (D:5)
  13 kobolds
  A quokka zombie (D:6)
  31 rats
241 creatures vanquished.

Vanquished Creatures (collateral kills)
  A wyvern skeleton (D:7)
  A scorpion (D:7)
2 creatures vanquished.

Vanquished Creatures (others)
  An orc wizard (D:7)
1 creature vanquished.

Grand Total: 244 creatures vanquished

Notes
Turn   | Place    | Note
-------+----------+-------------------------------------------
     0 | D:1      | Firecrotchwizard the Troll Berserker began the quest for the Orb.
     0 | D:1      | Reached XP level 1. HP: 22/22 MP: 0/0
   173 | D:1      | Reached XP level 2. HP: 29/29 MP: 1/1
   208 | D:1      | Reached skill level 3 in Maces & Flails
   685 | D:2      | Reached XP level 3. HP: 36/36 MP: 2/2
   802 | D:2      | Reached ** piety under Trog
   934 | D:2      | Reached skill level 1 in Armour
  1199 | D:2      | Reached XP level 4. HP: 43/44 MP: 3/3
  1577 | D:3      | HP: 15/66 [orc (4)]
  1578 | D:3      | Reached skill level 3 in Fighting
  1580 | D:3      | Reached skill level 3 in Dodging
  1584 | D:3      | HP: 11/67 [orc/dagger (4)]
  1737 | D:3      | Noticed Natasha
  1742 | D:3      | Killed Natasha
  1742 | D:3      | Reached skill level 4 in Maces & Flails
  1742 | D:3      | Reached XP level 5. HP: 53/53 MP: 4/4
  1875 | D:3      | Noticed Natasha
  1886 | D:3      | Killed Natasha
  2053 | D:3      | Noticed Natasha
  2058 | D:3      | Killed Natasha
  2058 | D:3      | Reached XP level 6. HP: 52/61 MP: 5/5
  2156 | D:3      | Reached skill level 2 in Armour
  2470 | D:4      | Found a glowing drain.
  2513 | Sewer    | Entered a sewer
  2700 | Sewer    | Reached *** piety under Trog
  3084 | Sewer    | Reached skill level 5 in Maces & Flails
  3084 | Sewer    | Reached XP level 7. HP: 33/68 MP: 6/6
  3192 | D:4      | Reached **** piety under Trog
  3266 | D:4      | Noticed komi's ghost (weakling VSMo)
  3582 | D:4      | Killed komi's ghost
  3804 | D:4      | Reached skill level 4 in Fighting
  3954 | D:4      | Reached skill level 4 in Dodging
  4289 | D:4      | Reached skill level 3 in Armour
  4371 | D:5      | Entered Level 5 of the Dungeon
  4616 | D:5      | Reached XP level 8. HP: 42/78 MP: 7/7
  4729 | D:5      | Reached skill level 6 in Maces & Flails
  4794 | D:5      | Found an ornate altar of the Wu Jian Council.
  4834 | D:5      | Found a white marble altar of Elyvilon.
  4850 | D:5      | Found a staircase to the Ecumenical Temple.
  5650 | D:6      | Found a shattered altar of Ashenzari.
  5720 | D:6      | Received a gift from Trog
  5987 | D:6      | Found a burning altar of Makhleb.
  5987 | D:6      | Found a sparkling altar of Nemelex Xobeh.
  6025 | D:6      | Found a hazy altar of Hepliaklqana.
  6377 | D:6      | Reached skill level 7 in Maces & Flails
  6622 | D:6      | Reached skill level 4 in Armour
  6873 | D:6      | Found a sacrificial altar of Ru.
  6873 | D:6      | Found a radiant altar of Vehumet.
  6913 | D:6      | HP: 16/79 [something (5)]
  6915 | D:6      | Reached skill level 5 in Fighting
  7217 | D:7      | Reached skill level 5 in Dodging
  7217 | D:7      | Reached XP level 9. HP: 77/88 MP: 8/8
  7224 | D:7      | Reached ***** piety under Trog
  7639 | D:7      | Found Zoplil's Jewellery Shoppe.
  7644 | D:7      | Received a gift from Trog
  8057 | D:7      | Identified the Catalogue of the Arsonist
  8130 | D:7      | HP: 25/132 [orc warrior/glaive (22)]
  8132 | D:7      | Reached skill level 8 in Maces & Flails
  8134 | D:7      | HP: 12/132 [orc priest/hand axe (5)]
  8138 | D:7      | Killed from afar by an orc priest

Skill      XL: |  1  2  3  4  5  6  7  8  9 |
---------------+----------------------------+-----
Maces & Flails | 3 4 5 7 8 |  8.0
Armour         | 1 2 3 4 |  4.6
Fighting       | 3 4 5 |  5.4
Dodging        | 3 4 5 |  5.3

Action                   |  1- 3 |  4- 6 |  7- 9 || total
-------------------------+-------+-------+-------++-------
Melee: Mace              |   142 |   139 |       ||   281
       Flail             |       |   197 |   481 ||   678
Throw: Tomahawk          |       |       |    22 ||    22
       Javelin           |       |       |     7 ||     7
Invok: Trog's Hand       |       |     4 |     2 ||     6
       Berserk           |       |     5 |     1 ||     6
       Burn Spellbooks   |       |       |     1 ||     1
       Brothers in Arms  |       |       |     1 ||     1
  Use: Scroll            |       |     6 |     5 ||    11
       Potion            |       |       |     2 ||     2
 Stab: Sleeping          |       |     1 |       ||     1
  Eat: Chunk             |    17 |    24 |    48 ||    89
Armor: Animal skin       |    82 |   191 |   133 ||   406
Dodge: Dodged            |    93 |   307 |   312 ||   712
Block: Other             |       |    44 |    61 ||   105
       Reflection        |       |       |     4 ||     4

Vault maps used:
D:1:      lightli_arrival_chessboard, hangedman_abyss_or_decor_lesser_grid
D:2:      first_ration
D:3:      uniq_natasha
D:4:      corexii_shantytown, cheibrodos_sewer_entry_sluice, minmay_quantized
D:5:      elyvilon_altar_4, old_standard_altar, minmay_temple_entry_statues
D:6:      overflow_temple_1_default, gammafunk_temple_overflow_wave,
          chequers_temple_overflow_statue_of_worship, lemuel_doored_altar
D:7:      serial_shops, shop
Sewer:    sewer_minmay_w

Table legend:
 A = Turns spent in this place as a percentage of turns spent in the entire game.
 B = Non-inter-level travel turns spent in this place as a percentage of non-inter-level travel turns spent in the entire game.
 C = Inter-level travel turns spent in this place as a percentage of turns spent in this place.
 D = Turns resting spent in this place as a percentage of non-inter-level travel turns spent in this place.
 E = Turns spent auto-exploring this place as a percentage of non-inter-level travel turns spent in this place.
 F = Non-inter-level travel turns spent in this place divided by the number of levels of this place that you've seen.
                   A       B       C       D       E      F
               +-------+-------+-------+-------+-------+----------------------
         Total | 100.0 | 100.0 |   5.5 |  20.8 |  55.5 | 961.0
       Dungeon |  91.8 |  91.4 |   6.0 |  19.4 |  58.7 | 1003.4
         Sewer |   8.2 |   8.6 |   0.0 |  35.7 |  20.6 | 664.0
               +-------+-------+-------+-------+-------+----------------------

Table legend:
 A = Kills in this place as a percentage of kills in entire the game.
 B = Kills by you in this place as a percentage of kills by you in the entire game.
 C = Kills by friends in this place as a percentage of kills by friends in the entire game.
 D = Other kills in this place as a percentage of other kills in the entire game.
 E = Experience gained in this place as a percentage of experience gained in the entire game.
 F = Experience gained in this place divided by the number of levels of this place that you have seen.
                   A       B       C       D       E      F
               +-------+-------+-------+-------+-------+----------------------
         Total | 100.0 | 100.0 | 100.0 |   N/A | 100.0 | 489.1
       Dungeon |  80.2 |  80.1 | 100.0 |   N/A |  90.6 | 506.3
         Sewer |  19.8 |  19.9 |   0.0 |   N/A |   9.4 | 369.0
               +-------+-------+-------+-------+-------+----------------------
